 Dungeon Crawl Stone Soup version 0.31.0-11-ge490571c62 (webtiles) character file.

Game seed: 12757073131804775407

1278 Daunt the Trooper (level 8, -2/47 HPs)
             Began as a Vine Stalker Fighter on Jan 28, 2024.
             Slain by a two-headed ogre
             ... wielding a +0 giant club
              (12 damage)
             ... on level 6 of the Dungeon.
             The game lasted 00:15:09 (1960 turns).

Daunt the Trooper (Vine Stalker Fighter)            Turns: 1960, Time: 00:15:10

Health: -2/47      AC: 16    Str: 21    XL:     8   Next: 54%
Magic:  0/9        EV:  5    Int: 13    God:
Gold:   149        SH:  4    Dex: 14    Spells: 7/7 levels left

rFire   . . .        b - +7 whip "Glorpo" {freeze, *Slow rN+++ Int+5}
rCold   . . .        c - +0 buckler
rNeg    + + +        t - +0 plate armour
rPois   .            (no helmet)
rElec   .            (no cloak)
rCorr   .            (no gloves)
SInv    +            x - +0 pair of boots
Will    +....        (no amulet) Stlth
                     I - ring of see invisible
HPRegen 1.07/turn    l - +4 ring of protection
MPRegen 0.11/turn

%: slow self (1%), guardian spirit
@: no status effects
A: fangs 3, regeneration 1, magic shield, antimagic bite, no potion heal 2
a: no special abilities


You were on level 6 of the Dungeon.
You visited 1 branch of the dungeon, and saw 6 of its levels.

You collected 149 gold pieces.

Inventory:

Hand Weapons
 a - a +0 war axe
 b - the +7 whip "Glorpo" (weapon) {freeze, *Slow rN+++ Int+5}
   (You found it on level 5 of the Dungeon)

   Int+5:     It affects your intelligence (+5).
   rN+++:     It renders you almost immune to negative energy.
   *Slow:     It may slow you when you take damage.
 d - a +4 heavy flail
 i - a +3 short sword
Missiles
 h - 5 poisoned darts (quivered)
 j - 22 stones
 u - a throwing net
Armour
 c - a +0 buckler (worn)
 t - a +0 plate armour (worn)
 x - a +0 pair of boots (worn)
Jewellery
 l - a +4 ring of protection (right hand)
 v - a ring of flight
 I - a ring of see invisible (left hand)
Scrolls
 g - a scroll of fog {unknown}
 k - a scroll of immolation {unknown}
 n - a scroll of acquirement {unknown}
 p - 5 scrolls of identify {unknown}
 q - a scroll of blinking {unknown}
 r - 3 scrolls of noise {unknown}
 s - a scroll of poison {unknown}
 w - a scroll of amnesia {unknown}
Potions
 e - a potion of heal wounds {unknown}
 f - 2 potions of ambrosia {unknown}
 m - a potion of attraction {unknown}
 o - 2 potions of mutation {unknown}
 z - a potion of haste {unknown}


   Skills:
 + Level 7.6 Fighting
 - Level 6.0 Axes
 - Level 2.4 Armour
 - Level 2.6 Shields


You had 7 spell levels left.
You didn't know any spells.
Your spell library contained the following spells:

 Spells                   Type           Power      Damage    Failure   Level
 Tukima's Dance           Hex            0%         N/A       100%        3
 Passage of Golubria      Tloc           0%         N/A       100%        4
 Vhi's Electric Charge    Tloc/Air       0%         N/A       100%        4
 Arcjolt                  Conj/Air       0%         1d10      100%        5
 Yara's Violent Unravell  Hex/Alch       0%         3d3       100%        5
 Plasma Beam              Fire/Air       0%         2x1d10    100%        6


Dungeon Overview and Level Annotations

Branches:
Dungeon (6/15)
 Temple: D:4-7

Altars:
Hepliaklqana
Makhleb
Sif Muna
Xom


Innate Abilities, Weirdness & Mutations

You have razor-sharp teeth.
Your natural rate of healing is unusually fast.
When hurt, damage is shared between your health and your magic reserves.
Your bite disrupts and absorbs the magic of your enemies.
Potions cannot restore your health.


Message History

You aren't carrying any items that you can evoke.
Throw: 2 throwing nets
Press: ? - help, Shift-Dir - straight line, f - two-headed ogre
Aim: a two-headed ogre, wielding a +0 giant club and a +0 giant spiked club (74% to hit)
You throw a throwing net.
The throwing net hits the two-headed ogre.
The two-headed ogre is caught in the net!
The two-headed ogre struggles against the net.
You strike the helpless two-headed ogre from behind!
You hit the two-headed ogre. You freeze the two-headed ogre.
The two-headed ogre is lightly wounded.
The two-headed ogre struggles against the net.
You hit the two-headed ogre. You freeze the two-headed ogre.
The two-headed ogre is moderately wounded.
The two-headed ogre struggles against the net.
You hit the two-headed ogre. You freeze the two-headed ogre.
The two-headed ogre is moderately wounded.
You whack the two-headed ogre! You freeze the two-headed ogre.
You bite the two-headed ogre, but do no damage.
The two-headed ogre is heavily wounded.
The two-headed ogre struggles against the net.
You whack the two-headed ogre! You freeze the two-headed ogre.
You bite the two-headed ogre! You drain its power.
You feel invigorated.
The two-headed ogre is almost dead.
The two-headed ogre struggles against the net.
The net rips apart, and the two-headed ogre comes free!
Unknown command.
You hit the two-headed ogre. You freeze the two-headed ogre.
Your bite misses the two-headed ogre.
The two-headed ogre is almost dead.
The two-headed ogre hits you with a +0 giant club!
* * * LOW HITPOINT WARNING * * *
The two-headed ogre hits you with a +0 giant spiked club!
* * * LOW HITPOINT WARNING * * *
Unknown command.
Unknown command.
You hit the two-headed ogre. You freeze the two-headed ogre.
The two-headed ogre is almost dead.
The two-headed ogre hits you with a +0 giant club!
You die...

### ##
..##O##
#..#@#
#.#[#
#O.##
#.##.#
#. $# #
##


You could see a two-headed ogre.

Vanquished Creatures
  An unseen horror (D:6)
  A troll (D:6)
  A black bear (D:5)
  A phantom (D:4)
  A scorpion (D:4)
  A hound (D:6)
  An orc priest (D:3)
  2 jellies
  A gnoll bouda (D:5)
  A sleepcap (D:3)
  Terence (D:2)
  An iguana (D:5)
  6 orc wizards
  Robin (D:2)
  4 adders
  6 gnolls
  3 dart slugs
  A ribbon worm (D:3)
  7 orcs
  3 bats
  3 endoplasms
  3 giant cockroaches (D:4)
  12 goblins
  5 hobgoblins
  6 jackals
  A quokka (D:1)
  3 ball pythons
  2 frilled lizards (D:1)
  5 kobolds
  3 rats
87 creatures vanquished.

Notes
Turn   | Place    | Note
-------+----------+-------------------------------------------
     0 | D:1      | Daunt the Vine Stalker Fighter began the quest for the Orb.
     0 | D:1      | Reached XP level 1. HP: 11/11 MP: 2/2
   199 | D:1      | Reached XP level 2. HP: 16/16 MP: 3/3
   230 | D:1      | Found a faded altar of an unknown god.
   231 | D:1      | Noticed a shining eye
   233 | D:1      | Noticed a great orb of eyes
   233 | D:1      | Noticed an eye of devastation
   233 | D:1      | Noticed a great orb of eyes
   409 | D:2      | Noticed Terence
   416 | D:2      | Killed Terence
   417 | D:2      | Reached skill level 3 in Fighting
   417 | D:2      | Reached XP level 3. HP: 9/20 MP: 0/4
   683 | D:2      | Noticed Robin
   684 | D:2      | Reached XP level 4. HP: 24/24 MP: 5/5
   695 | D:2      | Killed Robin
   726 | D:2      | Found a shimmering altar of Xom.
   847 | D:3      | Found a hazy altar of Hepliaklqana.
   848 | D:3      | Found a shimmering altar of Xom.
   848 | D:3      | Noticed a thorn hunter
   849 | D:3      | Noticed a spectral ugly thing
   849 | D:3      | Noticed a thorn hunter
   877 | D:3      | Reached XP level 5. HP: 28/28 MP: 6/6
  1007 | D:4      | Reached skill level 4 in Fighting
  1007 | D:4      | Reached XP level 6. HP: 22/33 MP: 4/7
  1179 | D:4      | Found a shimmering blue altar of Sif Muna.
  1187 | D:4      | Reached skill level 5 in Axes
  1408 | D:4      | Reached XP level 7. HP: 31/38 MP: 8/8
  1486 | D:5      | Entered Level 5 of the Dungeon
  1786 | D:5      | Found a burning altar of Makhleb.
  1808 | D:5      | Identified the +7 whip "Glorpo" {freeze, *Slow rN+++ Int+5}
  1854 | D:5      | Reached skill level 5 in Fighting
  1924 | D:5      | You are sucked into a shaft and drop 1 floor!
  1925 | D:6      | Noticed an unseen horror
  1925 | D:6      | Noticed a troll
  1925 | D:6      | Noticed a two-headed ogre
  1945 | D:6      | Killed a troll
  1946 | D:6      | Reached skill level 6 in Fighting
  1946 | D:6      | Gained mutation: You have razor-sharp teeth. [Vine Stalker
                  | growth]
  1946 | D:6      | Reached XP level 8. HP: 13/45 MP: 3/9
  1952 | D:6      | Killed an unseen horror
  1953 | D:6      | Reached skill level 7 in Fighting
  1960 | D:6      | Slain by a two-headed ogre

Illustrated notes

Levels and vault maps discovered:
D:1:      scummos_arrival_hexagon, layout_basic,
          hellmonk_ecumenical_altar_watching_god
D:2:      layout_loops_ring, basic_altar, kennysheep_generic_room_3, uniq_robin,
          uniq_terence
D:3:      layout_basic, regret_index_temple_of_mockery,
          ebering_dispersal_statue_hall, nicolae_the_louvre
D:4:      layout_loops_corners, kennysheep_orc_sif_temple
D:5:      layout_rooms, fedhas_altar_4, bloody_makhleb
D:6:      minmay_cornered_nines, layout_rooms, serial_shops, shop, shop,
          nicolae_shop_self_help

Skill      XL: |  1  2  3  4  5  6  7  8 |
---------------+-------------------------+-----
Axes           | 2 3 4 5 6 |  6.0
Fighting       | 3 4 6 7 |  7.6
Armour         | |  2.4
Shields        | |  2.6

Action                     |  1- 3 |  4- 6 |  7- 9 || total
---------------------------+-------+-------+-------++-------
  Melee: War axe           |    11 |       |    25 ||    36
         Short sword       |    48 |   141 |    19 ||   208
         Bite              |    12 |    38 |    23 ||    73
         Whip              |       |       |    55 ||    55
  Throw: Throwing net      |       |       |     1 ||     1
    Use: Potion            |     1 |       |       ||     1
   Stab: Held in net/web   |       |       |     1 ||     1
 Armour: Scale mail        |    14 |       |       ||    14
         Chain mail        |    17 |    62 |       ||    79
         Plate armour      |       |    31 |   119 ||   150
  Dodge: Dodged            |    25 |    42 |    32 ||    99
  Block: Buckler           |    10 |    20 |    25 ||    55
